Map: Dusk Towers

Players

MorN

  • Race: Terran Terran
  • League: Master

Apocalypse - Winner!

  • Race: Protoss Protoss
  • League: Master

VOD

Have the link to the VOD?

Description

Time

  • Played on: Dec. 4, 2015, 6:54 p.m.
  • Length: 19:00
Show
View Real Time Build Order
Export as new Build Order

MorN Terran 

Build Orders: MMM Bio 

Get SALT Encoding   

  12  0:00  SCV  
  13  0:12  SCV  
  14  0:17  Supply Depot  
  14  0:24  SCV  
  15  0:39  SCV  
  15  0:40  Barracks  
  16  0:44  Refinery  
  16  0:51  SCV  
  17  1:03  SCV  
  18  1:15  SCV  
  19  1:28  Marine  
  19  1:29  Orbital Command  
  20  1:43  Command Center  
  20  1:55  Factory  
  20  1:57  SCV  
  21  2:07  Marine  
  22  2:10  SCV  
  22  2:14  Supply Depot  
  23  2:36  SCV, Marine  
  25  2:38  Engineering Bay  
  25  2:40  Refinery, Barracks  
  25  2:41  Factory Tech Lab  
  25  2:49  SCV  
  26  2:54  Marine  
  27  2:59  Orbital Command  
  27  3:05  Terran Infantry Weapons Level 1  
  27  3:06  SCV  
  28  3:13  Marine  
  28  3:18  SCV  
  28  3:19  Cyclone  
  33  3:30  SCV  
  33  3:31  Marine x2  
  33  3:32  SCV  
  37  3:35  Supply Depot  
  37  3:42  SCV  
  37  3:44  SCV  
  39  3:57  SCV, Starport, Factory Reactor  
  39  3:58  Refinery  
  39  4:01  Marine x2  
  39  4:02  SCV  
  43  4:05  Stimpack  
  43  4:09  SCV  
  44  4:14  Supply Depot, SCV  
  45  4:20  Marine  
  45  4:21  SCV  
  48  4:27  SCV  
  48  4:31  Barracks Reactor  
  48  4:33  SCV  
  48  4:34  Supply Depot  
  49  4:39  SCV  
  49  4:44  Medivac x2  
  49  4:45  SCV  
  55  4:46  Factory Reactor  
  55  4:47  Barracks  
  55  4:51  SCV, Marine  
  57  4:57  SCV  
  58  5:03  SCV  
  59  5:08  Supply Depot, Marine x2  
  59  5:09  SCV, Marine  
  63  5:14  Medivac x2  
  63  5:15  SCV  
  68  5:21  SCV  
  68  5:27  Marine  
  68  5:28  Supply Depot, Terran Infantry Armor Level 1  
  70  5:29  Widow Mine x2  
  70  5:30  SCV  
  70  5:33  SCV  
  76  5:35  Supply Depot  
  76  5:36  Supply Depot  
  76  5:41  Marine x2  
  78  5:43  SCV  
  78  5:44  Barracks Tech Lab  
  78  5:45  SCV  
  77  5:57  Marine  
  77  5:58  Marine x2  
  77  6:03  Combat Shields  
  80  6:06  Concussive Shells, Marine  
  81  6:12  Supply Depot  
  81  6:16  Marine, Marauder  
  80  6:19  Command Center  
  71  6:26  Marine x2  
  62  6:34  Marine  
  62  6:37  Marauder  
  62  6:39  SCV  
  63  6:40  SCV  
  63  6:44  Marauder, Marine  
  67  6:51  SCV  
  67  6:52  Marine  
  69  6:55  SCV  
  69  6:58  Marine  
  69  6:59  Refinery  
  71  7:03  SCV  
  71  7:06  Marauder  
  71  7:07  SCV  
  75  7:09  Widow Mine x2  
  78  7:16  Marauder  
  73  7:25  Marine x2  
  73  7:27  Marauder  
  77  7:30  Engineering Bay, Liberator x2  
  77  7:32  Armory  
  77  7:33  Orbital Command  
  77  7:38  Marauder  
  77  7:42  Marine  
  77  7:43  Marine  
  81  7:49  Marauder  
  89  7:51  SCV  
  82  8:11  Marine  
  82  8:12  Marauder, Marine  
  84  8:13  Marine  
  83  8:29  Marine x2  
  83  8:32  Marauder, Orbital Command  
  83  8:34  Marauder  
  88  8:47  SCV x2, Marine x2  
  81  8:51  Terran Infantry Weapons Level 2  
  81  8:52  Barracks  
  81  8:53  Barracks, Marauder  
  79  9:00  SCV x2  
  79  9:01  SCV  
  82  9:07  Terran Infantry Armor Level 2  
  82  9:12  SCV x2  
  84  9:22  Marine x2  
  84  9:23  Marauder x2  
  90  9:35  Supply Depot  
  90  9:40  SCV x2, Marine x2  
  90  9:41  Barracks Tech Lab  
  90  9:43  Marine  
  90  9:44  Marauder  
  97  9:48  SCV  
  97  9:51  Marine  
  97  9:52  SCV  
  100  9:54  SCV  
  100  9:57  Supply Depot, Marine  
  102  10:00  SCV  
  102  10:02  Marauder  
  102  10:04  SCV  
  102  10:05  Marauder  
  102  10:07  SCV  
  109  10:08  Medivac x2  
  109  10:10  Barracks Reactor  
  109  10:13  SCV  
  114  10:14  Refinery  
  114  10:15  Refinery  
  114  10:16  SCV, Widow Mine  
  114  10:19  SCV  
  118  10:25  SCV  
  118  10:26  Supply Depot  
  118  10:27  Terran Vehicle Weapons Level 1  
  119  10:28  SCV  
  119  10:31  Marauder x2  
  119  10:33  Marauder  
  126  10:52  Liberator x2  
  126  10:54  Ghost Academy  
  126  11:06  Command Center  
  126  11:09  Marine x2  
  126  11:10  Marauder x3  
  140  11:16  Marine  
  140  11:17  Marine  
  140  11:27  Marine  
  140  11:31  Marauder x3  
  147  11:37  Marine x2  
  148  11:48  Supply Depot  
  148  11:52  Terran Infantry Weapons Level 3, Liberator  
  149  12:09  Supply Depot, Medivac, Marine  
  149  12:10  Marine  
  149  12:11  Widow Mine  
  156  12:17  Ghost, Widow Mine  
  156  12:18  Ghost  
  152  12:33  Marauder, Marine x3  
  152  12:36  Marine  
  148  12:47  Marauder x2  
  148  12:50  Marine, Widow Mine x2  
  148  12:51  Marine x2  
  157  12:53  Terran Infantry Armor Level 3  
  157  12:54  Marine  
  157  12:55  Marauder  
  154  13:08  Marauder  
  156  13:14  Ghost, Marine  
  156  13:15  Ghost  
  152  13:31  Marine x2  
  152  13:32  Marauder  
  142  13:41  Marine x2  
  125  13:44  Marauder  
  125  13:46  Marine  
  128  13:49  Marine x2  
  128  13:53  Marauder  
  132  13:58  Marine x2  
  130  14:04  Marauder  
  130  14:05  Marauder  
  128  14:16  Marine  
  128  14:17  Marauder, Medivac x2, Marine x2  
  112  14:22  Planetary Fortress  
  120  14:25  Marine x2  
  120  14:26  Marauder  
  124  14:39  Marauder  
  124  14:45  Marine x2  
  119  14:46  Marauder  
  119  14:49  Marine x2  
  119  14:50  Marauder  
  127  14:52  Terran Vehicle Weapons Level 2  
  127  14:54  Widow Mine x2  
  127  14:58  SCV x4  
  135  15:00  Marauder  
  137  15:07  Marauder  
  137  15:08  Marine x2  
  137  15:10  SCV x2  
  137  15:11  Marauder  
  145  15:21  Ghost  
  145  15:28  Ghost  
  146  15:37  Marine  
  146  15:38  Marauder, Marine  
  146  15:39  Marine x2  
  152  15:50  Marauder  
  152  15:55  Marine x2  
  152  15:57  Marauder  
  152  15:59  Marine  
  152  16:00  Marauder, Marine  
  138  16:11  Marauder  
  138  16:13  Marine x2  
  138  16:17  Marine  
  143  16:19  Marauder  
  143  16:21  Marauder  
  147  16:27  Marine  
  147  16:31  Marine  
  147  16:32  Marine  
  150  16:33  Marauder  
  150  16:35  Marine  
  150  16:38  Barracks  
  150  16:39  Barracks  
  153  16:40  Barracks, Marauder  
  153  16:42  Marauder  
  153  16:45  Marine  
  158  16:49  Marine  
  158  16:50  Marine  
  158  16:53  Marine  
  161  16:54  Marauder  
  163  17:01  Marauder  
  163  17:04  Marauder  
  157  17:11  Marine x2  
  158  17:16  Marauder  
  158  17:17  Marine  
  158  17:18  Widow Mine x2, Marine  
  161  17:23  Marauder  
  161  17:25  Marauder  
  161  17:28  Marine  
  161  17:29  Marine  
  164  17:35  Marine x2  
  168  17:37  Barracks Reactor, Barracks Tech Lab x2, Marauder  
  168  17:44  Marauder  
  168  17:46  Marine x2  
  168  17:47  Command Center  
  168  17:48  Command Center  
  174  17:58  Marauder  
  174  18:03  Marine x2  
  174  18:04  Marauder x2  
  180  18:09  Supply Depot x2  
  180  18:11  Marauder  
Show
View Real Time Build Order
Export as new Build Order

Apocalypse Protoss - Winner!

Build Orders: 1 Gate Expand 

Get SALT Encoding   

  12  0:01  Probe (Chrono Boost)  
  13  0:11  Probe (Chrono Boost)  
  14  0:18  Pylon  
  14  0:22  Probe (Chrono Boost)  
  15  0:36  Probe (Chrono Boost)  
  15  0:38  Gateway  
  16  0:43  Assimilator  
  16  0:47  Probe (Chrono Boost)  
  17  0:57  Probe (Chrono Boost)  
  18  1:08  Probe (Chrono Boost)  
  19  1:18  Probe (Chrono Boost)  
  19  1:24  Nexus  
  20  1:29  Probe (Chrono Boost)  
  21  1:37  Cybernetics Core  
  22  1:40  Probe (Chrono Boost)  
  22  1:45  Pylon  
  22  1:50  Probe (Chrono Boost)  
  22  1:53  Assimilator  
  23  2:03  Probe (Chrono Boost)  
  24  2:11  Forge  
  24  2:14  Probe (Chrono Boost)  
  25  2:17  Adept, Warp Gate  
  27  2:25  Mothership Core (Chrono Boost)  
  29  2:36  Probe (Chrono Boost)  
  30  2:43  Probe (Chrono Boost)  
  30  2:44  Protoss Ground Armor Level 1 (Chrono Boost)  
  31  2:46  Probe, Adept  
  34  2:55  Probe  
  35  3:00  Probe, Robotics Facility  
  36  3:07  Probe  
  36  3:10  Probe  
  38  3:13  Adept  
  38  3:19  Probe  
  41  3:21  Probe  
  41  3:23  Pylon  
  42  3:31  Probe x2  
  44  3:40  Adept  
  46  3:43  Probe  
  46  3:44  Gateway, Probe  
  46  3:48  Gateway  
  48  3:51  Warp Prism (Chrono Boost)  
  48  3:54  Probe  
  50  3:58  Probe  
  50  4:02  Twilight Council  
  52  4:04  Probe  
  53  4:10  Probe  
  53  4:11  Pylon  
  53  4:14  Assimilator x2  
  54  4:28  Pylon  
  54  4:29  Probe, Observer (Chrono Boost)  
  56  4:32  Sentry  
  56  4:37  Probe  
  59  4:41  Probe  
  59  4:44  Resonating Glaives (Chrono Boost)  
  60  4:46  Protoss Ground Armor Level 2 (Chrono Boost)  
  60  4:51  Adept x2  
  64  4:57  Probe x2  
  64  4:59  Immortal  
  66  5:03  Nexus  
  70  5:14  Pylon  
  70  5:18  Pylon  
  70  5:32  Probe x2  
  70  5:33  Immortal  
  70  5:34  Sentry x2  
  70  5:35  Sentry  
  78  5:41  Pylon  
  78  5:42  Pylon  
  82  5:44  Probe x2  
  84  5:56  Probe x2  
  86  5:59  Photon Cannon  
  86  6:01  Stalker  
  86  6:04  Sentry  
  90  6:07  Immortal  
  90  6:08  Probe x2  
  92  6:17  Probe  
  96  6:20  Probe  
  96  6:24  Probe  
  99  6:27  Stalker  
  99  6:28  Probe  
  99  6:31  Adept x2  
  106  6:36  Blink (Chrono Boost)  
  106  6:38  Probe x3  
  108  6:40  Assimilator x2  
  108  6:42  Photon Cannon  
  108  6:44  Protoss Ground Armor Level 3 (Chrono Boost)  
  108  6:45  Photon Cannon  
  109  6:49  Immortal (Chrono Boost), Pylon  
  113  6:56  Adept x2  
  117  7:15  Adept  
  119  7:24  Probe x2  
  119  7:26  Immortal (Chrono Boost)  
  125  7:33  Pylon  
  125  7:35  Pylon  
  125  7:37  Gateway, Pylon  
  125  7:39  Gateway  
  125  7:42  Gateway  
  125  7:46  Gateway  
  125  7:48  Pylon  
  125  7:51  Probe x2  
  127  8:00  Probe, Immortal (Chrono Boost)  
  127  8:03  Probe  
  133  8:13  Probe x2  
  133  8:16  Stalker x3, Pylon  
  133  8:18  Pylon  
  141  8:27  Gateway  
  141  8:28  Gateway  
  141  8:30  Gateway  
  141  8:32  Gateway  
  135  8:34  Pylon  
  135  8:36  Pylon  
  135  8:45  Nexus  
  135  8:46  Charge  
  133  8:49  Mothership Core  
  135  9:02  Nexus  
  135  9:03  Templar Archives  
  139  9:15  Immortal (Chrono Boost)  
  139  9:24  Probe  
  139  9:25  Probe  
  139  9:28  Adept x5  
  139  9:30  Protoss Ground Weapons Level 1, Zealot  
  139  9:31  Pylon  
  151  9:39  Psionic Storm  
  151  9:48  High Templar  
  151  9:49  High Templar  
  151  9:50  High Templar  
  161  9:55  High Templar x2  
  161  9:58  Immortal (Chrono Boost)  
  165  10:15  Robotics Bay  
  165  10:17  Zealot x3  
  165  10:18  Zealot x3  
  165  10:20  Probe  
  177  10:22  Probe x2  
  180  10:31  Stalker x2  
  180  10:32  Stalker  
  180  10:33  High Templar x2  
  190  10:42  Assimilator  
  190  10:46  Assimilator  
  190  10:47  Photon Cannon  
  190  10:49  Photon Cannon  
  188  10:53  Stalker x3  
  194  11:02  Gravitic Drive  
  194  11:03  Disruptor  
  197  11:06  Robotics Facility  
  197  11:12  Zealot  
  199  12:17  Pylon  
  199  12:19  Nexus  
  199  12:21  Pylon  
  199  12:22  Pylon  
  198  12:24  High Templar  
  198  12:25  Zealot  
  197  12:31  Mothership Core  
  197  12:34  Archon  
  198  12:52  Pylon  
  198  12:55  Pylon  
  198  13:02  Forge  
  198  13:05  Pylon  
  198  13:07  Pylon  
  178  13:37  Stalker  
  178  13:38  Stalker x10  
  178  13:41  Protoss Ground Weapons Level 2 (Chrono Boost)  
  200  13:42  Protoss Shields Level 1 (Chrono Boost)  
  198  13:56  Archon  
  194  14:07  Observer  
  189  14:16  Stalker  
  173  14:17  Stalker  
  173  14:18  Stalker x9  
  173  14:21  Immortal  
  197  14:27  Pylon  
  197  14:28  Disruptor  
  197  14:29  Pylon, Photon Cannon  
  200  14:31  Photon Cannon  
  196  14:50  High Templar x3  
  200  15:00  Photon Cannon  
  200  15:02  Photon Cannon  
  200  15:03  Photon Cannon  
  200  15:05  Photon Cannon  
  200  15:06  Photon Cannon  
  200  15:08  Photon Cannon  
  200  15:11  Assimilator  
  200  15:16  Assimilator  
  200  15:20  Pylon  
  200  15:32  Archon  
  200  15:42  Extended Thermal Lance  
  200  15:45  Protoss Shields Level 2 (Chrono Boost)  
  200  15:46  Protoss Ground Weapons Level 3 (Chrono Boost)  
  170  16:09  Disruptor x2  
  168  16:13  Adept x9  
  168  16:14  Adept x2  
  190  16:26  Photon Cannon  
  190  16:28  Photon Cannon  
  190  16:49  Zealot x5  
  193  17:13  Nexus  
  193  17:15  Pylon  
  193  17:17  Pylon  
  193  17:20  Zealot x7  
  193  17:22  Mothership Core  
  191  17:41  Colossus (Chrono Boost)  
  191  17:43  Observer Gravitic Boosters  
  196  17:46  Warp Prism (Chrono Boost)  
  196  17:58  Zealot x2  
  195  18:13  Zealot x2  
  181  18:55  Stalker  
  171  18:56  Zealot x8  
Tags
 
Composition
MMM Bio
Matchup
PvT
Replay Pack
MorN pack 2
Add a new tag
Caveats
  • Supply blocks, unpowered buildings, or Contaminate may cause inaccurate times.
  • Supply counts are checked every 10 seconds.